cohdb
Replays
Latest Replays
All Replays
Popular Replays
Top Player Replays
Match Explorer
How It Works
Community
CoH3 Stats
Reddit
Sign in to upload your games and track your stats! →
Sign in with Steam
Alpenwell DAK L6 abuser got roasted by Ashur
Match 31287073
Overview
Messages
Build Orders
End
Kradschützen Motorcycle Team
Selects Italian Infantry
Panzergrenadier Squad
250 Light Carrier
Construct Light Support Kompanie
Combat Half-tracks
Panzergrenadier Squad
Selects Guastatori Squad
Selects L6/40 Light Tank Combat Group
L6/40 Light Tank Combat Group
Guastatori Squad
Fire Support Elements
Selects Sound the Alarm
Selects Prepared Positions
Panzerjäger Mechanized Group
Panzerjäger Squad
L6/40 Light Tank Combat Group
Alpenwell
Baboon
0
0
Comments
sign in to comment!
No comments posted yet!